 Dungeon Crawl Stone Soup version 0.21.2 (webtiles) character file.

92 misha the Covered (level 4, -2/40 HPs)
             Began as a Minotaur Fighter on Mar 1, 2019.
             Killed from afar by TheNamelessOne's ghost (5 damage)
             ... with a magic dart
             ... on level 3 of the Dungeon.
             The game lasted 00:06:57 (1741 turns).

misha the Covered (Minotaur Fighter)                Turns: 1741, Time: 00:06:58

Health: -2/40      AC:  7    Str: 21    XL:     4   Next: 35%
Magic:  3/3        EV:  7    Int:  5    God:
Gold:   130        SH:  9    Dex: 10    Spells: 3/3 levels left

rFire    + . .     SeeInvis .   a - +0 flail
rCold    x . .     Gourm    .   c - +0 shield
rNeg     . . .     Faith    .   b - +0 scale mail
rPois    .         Spirit   .   (helmet restricted)
rElec    .         Reflect  .   (no cloak)
rCorr    .         Harm     .   (no gloves)
MR       .....                  (no boots)
Stlth    +.........             (no amulet)
HPRegen  0.13/turn              h - ring of fire
MPRegen  0.08/turn              j - ring of stealth

@: no status effects
A: retaliatory headbutt, horns 2
a: no special abilities


You were on level 3 of the Dungeon.
You were not hungry.

You visited 1 branch of the dungeon, and saw 3 of its levels.

You collected 130 gold pieces.

Inventory:

Hand Weapons
 a - a +0 flail (weapon)
Armour
 b - a +0 scale mail (worn)
 c - a +0 shield (worn)
Jewellery
 h - a ring of fire (left hand)
 j - a ring of stealth (right hand)
Wands
 r - a wand of clouds (2)
Scrolls
 e - a scroll of noise {unknown}
 g - 3 scrolls of identify {unknown}
 i - a scroll of fear {unknown}
 k - a scroll of magic mapping {unknown}
 m - 2 scrolls of blinking {unknown}
 n - 2 scrolls of amnesia {unknown}
 p - a scroll of remove curse {unknown}
 s - a scroll of immolation {unknown}
Potions
 d - 2 potions of might
 l - 2 potions of brilliance {unknown}
 o - a potion of flight {unknown}
 q - a potion of resistance {unknown}
 t - a potion of curing {unknown}
Comestibles
 f - 5 rations


   Skills:
 + Level 4.1 Fighting
 + Level 3.3 Maces & Flails
 + Level 4.7 Armour
 + Level 0.5 Dodging
 + Level 4.4 Shields


You had 3 spell levels left.
You didn't know any spells.

Dungeon Overview and Level Annotations

Branches:
Dungeon (3/15)

Altars:

Annotations:
D:3 TheNamelessOne's ghost, amateur OpCj


Innate Abilities, Weirdness & Mutations

You reflexively headbutt those who attack you in melee.
You have a pair of horns on your head.


Message History

You hit TheNamelessOne's ghost.
TheNamelessOne's ghost is almost destroyed.
TheNamelessOne's ghost stares at you.
TheNamelessOne's ghost stares at you and mumbles some strange words.
The magic dart hits you!
* * * LOW HITPOINT WARNING * * *
You hit TheNamelessOne's ghost but do no damage.
Your headbutt misses TheNamelessOne's ghost.
TheNamelessOne's ghost is almost destroyed.
TheNamelessOne's ghost casts a spell at you.
The magic dart hits you!
* * * LOW HITPOINT WARNING * * *
TheNamelessOne's ghost casts a spell at you.
The magic dart hits you!
* * * LOW HITPOINT WARNING * * *
Your shield and scale mail prevent you from hitting TheNamelessOne's ghost.
TheNamelessOne's ghost is almost destroyed.
TheNamelessOne's ghost stares at you and mumbles some strange words.
The magic dart hits you!
You die...

#. .# #. ######.#
#. .......# #.
......# #. .W....
######. #...
)..[?..########.#
......)@W...ยง..<#
.......########.#
....... ....
(.....# ######
...... ......
#####


You could see TheNamelessOne's ghost.

Vanquished Creatures
  3 adders
  An ooze (D:1)
  A worm (D:2)
  A dart slug (D:2)
  5 leopard geckos
  5 giant cockroaches
  6 goblins
  4 hobgoblins
  2 jackals (D:1)
  6 kobolds
  2 ball pythons
  6 bats
  A frilled lizard (D:1)
  7 rats
50 creatures vanquished.

Notes
Turn   | Place    | Note
-------+----------+-------------------------------------------
     0 | D:1      | misha the Minotaur Fighter began the quest for the Orb.
     0 | D:1      | Reached XP level 1. HP: 19/19 MP: 0/0
   125 | D:1      | Reached XP level 2. HP: 21/27 MP: 1/1
   881 | D:1      | Reached XP level 3. HP: 33/33 MP: 2/2
   913 | D:1      | HP: 1/33 [poisoned by an adder]
  1385 | D:2      | Reached XP level 4. HP: 40/40 MP: 3/3
  1721 | D:3      | Noticed TheNamelessOne's ghost (amateur OpCj)
  1741 | D:3      | Killed from afar by TheNamelessOne's ghost

Skill      XL: |  1  2  3 |
---------------+----------+-----
Armour         | 4 |  4.7
Shields        | 4 |  4.4
Fighting       | 4 |  4.1
Maces & Flails | 3 |  3.3
Dodging        | |  0.5

Action                   |  1- 3 |  4- 6 || total
-------------------------+-------+-------++-------
Melee: Flail             |    88 |    38 ||   126
       Headbutt          |     5 |     7 ||    12
Evoke: Wand              |       |     1 ||     1
  Eat: Ration            |     1 |       ||     1
Armor: Scale mail        |    62 |    12 ||    74
Dodge: Dodged            |    42 |    11 ||    53
Block: Shield            |    55 |    15 ||    70
